 Dungeon Crawl Stone Soup version 0.20.1-1-g8b1a95d (webtiles) character file.

4017 Savaroth the Fighter (level 10, -4/91 HPs)
             Began as a Minotaur Berserker on Aug 6, 2017.
             Was an Elder of Trog.
             Slain by a red ugly thing (16 damage)
             ... on level 6 of the Dungeon.
             The game lasted 00:15:08 (5889 turns).

Savaroth the Fighter (Minotaur Berserker)           Turns: 5889, Time: 00:15:09

Health: -4/91      AC: 14    Str: 25    XL:     10   Next: 3%
Magic:  18/18      EV: 10    Int:  4    God:    Trog [****..]
Gold:   386        SH:  0    Dex: 10    Spells: 9/9 levels left

rFire    . . .     SeeInvis .   O - +0 battleaxe
rCold    . . .     Gourm    .   (shield currently unavailable)
rNeg     . . .     Faith    +   P - +0 plate armour
rPois    .         Spirit   .   (helmet restricted)
rElec    .         Reflect  .   (no cloak)
rCorr    +         Harm     .   (no gloves)
MR       .....                  (no boots)
Stlth    ..........             v - amulet of faith
Regen    0.3/turn               L - ring of magical power
MPRegen  0.2/turn               J - ring of resist corrosion

@: no status effects
A: retaliatory headbutt, horns 2
a: Berserk, Trog's Hand, Brothers in Arms, Burn Spellbooks, Renounce Religion


You were on level 6 of the Dungeon.
You worshipped Trog.
Trog was greatly pleased with you.
You were not hungry.

You visited 1 branch of the dungeon, and saw 6 of its levels.
You also visited: Ossuary.

You collected 386 gold pieces.

Inventory:

Hand Weapons
 a - a +0 hand axe
 q - a +0 war axe
 O - a +0 battleaxe (weapon)
Armour
 b - a +0 animal skin
 r - a +0 scale mail
 P - a +0 plate armour (worn)
Jewellery
 u - an uncursed ring of stealth
 v - an amulet of faith (around neck)
 J - a ring of resist corrosion (right hand)
 L - a ring of magical power (left hand)
Wands
 y - a wand of lightning (8/15)
 H - a wand of iceblast (7/15)
 M - a wand of enslavement (12/24)
 N - a wand of paralysis (14/24)
Scrolls
 d - 2 scrolls of fear {unknown}
 g - 4 scrolls of identify {unknown}
 h - 5 scrolls of remove curse {unknown}
 l - 3 scrolls of blinking {unknown}
 m - 4 scrolls of recharging {unknown}
 n - a scroll of enchant armour {unknown}
 p - 4 scrolls of teleportation {unknown}
 t - 2 scrolls of fog {unknown}
 A - 5 scrolls of random uselessness {unknown}
 B - 8 scrolls of immolation {unknown}
 F - a scroll of torment {unknown}
 G - 3 scrolls of noise {unknown}
 I - a scroll of magic mapping {unknown}
 K - a scroll of acquirement {unknown}
Potions
 e - 5 potions of curing
 f - 2 potions of agility {unknown}
 i - 2 potions of haste {unknown}
 j - 3 potions of flight {unknown}
 s - 7 potions of degeneration {unknown}
 w - 2 potions of cancellation {unknown}
 x - 3 potions of invisibility {unknown}
 z - 3 potions of brilliance {unknown}
 C - 2 potions of mutation {unknown}
 D - 3 potions of lignification {unknown}
 E - a potion of ambrosia {unknown}
Comestibles
 c - 2 bread rations
 k - a royal jelly
 o - a meat ration


   Skills:
 + Level 9.3 Fighting
 + Level 9.2 Axes
 + Level 9.3 Armour
 + Level 8.3 Dodging


You had 9 spell levels left.
You didn't know any spells.

Dungeon Overview and Level Annotations

Branches:
Dungeon (6/15)             Temple (0/1) D:5

Altars:
Gozag
Makhleb
Qazlal
Ru
Sif Muna
Beogh


Innate Abilities, Weirdness & Mutations

You reflexively headbutt those who attack you in melee.
You have a pair of horns on your head.


Message History

a coppery potion You hit the red ugly thing.
The red ugly thing is lightly wounded.
The red ugly thing tentacle-slaps you.
You are engulfed in flames!
You barely miss the red ugly thing. You headbutt the red ugly thing.
The red ugly thing is lightly wounded.
The red ugly thing tentacle-slaps you but does no damage.
The red ugly thing tentacle-slaps you.
You are engulfed in flames!!
You slash the red ugly thing!
The red ugly thing is moderately wounded.
The red ugly thing tentacle-slaps you!
* * * LOW HITPOINT WARNING * * *
You are engulfed in flames!
* * * LOW HITPOINT WARNING * * *
Okay, then.
It was a potion of curing.
You feel better. The red ugly thing tentacle-slaps you!
* * * LOW HITPOINT WARNING * * *
You are engulfed in flames!
You die...

#.......[.#......>..........
#......................#....
#.........#####.....#..(....
########### #.....##..)).#
#####.....(###
##.........).#
############.............
#........##..[)..........
#.......@##))))).........
#.......)u).###@###......
#.........### ...###....
#........## ≈....##...
#........# ≈[....#...
#.......## ≈≈≈...##.#
#.......# ≈u.!...###
#.......# ≈...... #########


You could see a red ugly thing.

Vanquished Creatures
  A two-headed ogre (D:6)
  Pikel (D:6)
  The ghost of ThePrince the Ruffian, a novice TrMo (D:4)
  A hippogriff (D:6)
  Edmund (D:6)
  A water moccasin (D:5)
  2 sky beasts
  2 ice beasts
  2 slaves (D:6)
  A phantom (D:4)
  An orc warrior (D:6)
  An ogre (D:6)
  A centaur (D:5)
  3 bullfrogs (D:6)
  2 scorpions (D:5)
  5 wights (D:6)
  2 crimson imps
  2 human zombies (Ossuary)
  4 orc wizards
  A bullfrog skeleton (D:6)
  A gnoll shaman (D:5)
  3 orc priests
  2 hounds
  5 worker ants
  2 big kobold zombies (Ossuary)
  3 mummies (Ossuary)
  5 gnolls
  12 adders
  A shadow imp (D:4)
  An ooze (D:2)
  3 worms
  A dart slug (D:4)
  A leopard gecko (D:5)
  15 orcs
  A ball python (D:4)
  8 bats
  4 giant cockroaches
  A gnoll zombie (Ossuary)
  11 goblins
  9 hobgoblins
  9 jackals
  7 kobolds
  A quokka (D:4)
  2 frilled lizards
  A goblin zombie (Ossuary)
  A hobgoblin zombie (Ossuary)
  A kobold zombie (Ossuary)
  A leopard gecko skeleton (D:4)
  8 rats
155 creatures vanquished.

Vanquished Creatures (collateral kills)
  An orc warrior (D:6)
  An orc (D:6)
2 creatures vanquished.

Vanquished Creatures (others)
  2 slaves (D:6)
  A centaur (D:6)
3 creatures vanquished.

Grand Total: 160 creatures vanquished

Notes
Turn   | Place    | Note
-------+----------+-------------------------------------------
     0 | D:1      | Savaroth the Minotaur Berserker began the quest for the Orb.
     0 | D:1      | Reached XP level 1. HP: 19/19 MP: 0/0
   107 | D:1      | Reached XP level 2. HP: 27/27 MP: 1/1
   230 | D:1      | Reached XP level 3. HP: 24/33 MP: 2/2
   236 | D:1      | Reached ** piety under Trog
   934 | D:2      | Reached XP level 4. HP: 40/40 MP: 3/3
   994 | D:2      | Found a burning altar of Makhleb.
  1722 | D:3      | Reached XP level 5. HP: 47/47 MP: 4/4
  1748 | D:3      | Reached *** piety under Trog
  1823 | D:3      | Found an opulent altar of Gozag.
  1823 | D:3      | Found a stormy altar of Qazlal.
  1824 | D:3      | Found a deep blue altar of Sif Muna.
  2131 | D:4      | Found a roughly hewn altar of Beogh.
  2147 | D:4      | Reached skill level 5 in Fighting
  2147 | D:4      | Reached skill level 5 in Axes
  2155 | D:4      | Reached XP level 6. HP: 15/56 MP: 5/5
  2429 | D:4      | Found a sand-covered staircase.
  2438 | Ossuary  | Entered an ossuary
  2505 | Ossuary  | Reached skill level 5 in Armour
  2762 | Ossuary  | Reached XP level 7. HP: 56/61 MP: 6/6
  2817 | D:4      | Noticed ThePrince's ghost (novice TrMo)
  2830 | D:4      | Reached **** piety under Trog
  2837 | D:4      | HP: 3/93 [ThePrince's ghost (14)]
  2838 | D:4      | Killed ThePrince's ghost
  2838 | D:4      | Reached skill level 5 in Dodging
  3200 | D:4      | Found a sacrificial altar of Ru.
  3471 | D:5      | Entered Level 5 of the Dungeon
  3562 | D:5      | Reached XP level 8. HP: 71/71 MP: 7/7
  3645 | D:5      | Found a staircase to the Ecumenical Temple.
  4602 | D:6      | Noticed a hippogriff
  4612 | D:6      | Killed a hippogriff
  4864 | D:6      | Noticed Pikel
  4876 | D:6      | Killed Pikel
  4876 | D:6      | Reached XP level 9. HP: 68/81 MP: 8/8
  5208 | D:6      | Noticed a two-headed ogre
  5221 | D:6      | Killed a two-headed ogre
  5588 | D:6      | Noticed a red ugly thing
  5711 | D:6      | Reached XP level 10. HP: 57/91 MP: 9/9
  5858 | D:6      | Noticed Edmund
  5882 | D:6      | Killed Edmund
  5889 | D:6      | Slain by a red ugly thing

Skill      XL: |  1  2  3  4  5  6  7  8  9 |
---------------+----------------------------+-----
Axes           | 4 5 6 8 9 |  9.2
Armour         | 3 4 5 6 7 9 |  9.3
Fighting       | 4 5 6 8 9 |  9.3
Dodging        | 3 4 5 7 8 |  8.3

Action                   |  1- 3 |  4- 6 |  7- 9 | 10-12 || total
-------------------------+-------+-------+-------+-------++-------
Melee: Hand axe          |    66 |    26 |       |       ||    92
       Headbutt          |    10 |    26 |    34 |     1 ||    71
       War axe           |       |   119 |   177 |       ||   296
       Battleaxe         |       |       |    24 |    10 ||    34
Invok: Berserk           |     1 |       |     4 |       ||     5
       Brothers in Arms  |       |       |     1 |       ||     1
  Use: Potion            |       |       |       |     1 ||     1
 Stab: Sleeping          |     1 |       |     1 |       ||     2
       Invisible         |       |       |     1 |       ||     1
  Eat: Chunk             |       |     5 |     7 |       ||    12
       Bread ration      |       |       |     2 |       ||     2
       Royal jelly       |       |       |     1 |       ||     1
Armor: Animal skin       |    10 |     5 |       |       ||    15
       Scale mail        |       |    37 |    41 |       ||    78
       Plate armour      |       |       |     6 |     4 ||    10
Dodge: Dodged            |    45 |    82 |   130 |     2 ||   259
